 Dungeon Crawl Stone Soup version 0.30-a0-304-gdc4b735fe1 (webtiles) character file.

Game seed: 16183628891790123480

1136 IdlyInterested the Trooper (level 8, -2/62 HPs)
             Began as a Demonspawn Wanderer on Oct 20, 2022.
             Slain by a sky beast (5 damage)
             ... on level 6 of the Dungeon.
             The game lasted 00:14:47 (4662 turns).

IdlyInterested the Trooper (Demonspawn Wanderer)    Turns: 4662, Time: 00:14:48

Health: -2/62      AC: 10    Str: 17      XL:     8   Next: 14%
Magic:  9/9        EV: 10    Int: 13 (14) God:
Gold:   356        SH:  0    Dex: 13      Spells: 8/9 levels left

rFire   . . .      SeeInvis .    n - +2 dagger (venom)
rCold   . . .      Faith    .    (no shield)
rNeg    . . .      Spirit   .    f - +1 ring mail "Ashuil" {Int+3}
rPois   .          Reflect  .    (helmet restricted)
rElec   .          Harm     .    y - +0 cloak
rCorr   .          Rampage  .    (no gloves)
Will    .....                    p - +2 pair of boots
Stlth   ++........               (no amulet)
HPRegen 0.30/turn                (no ring)
MPRegen 0.22/turn                (no ring)

@: no status effects
A: antennae 1, claws 2, demonic guardian 1, magic regeneration, weakness stinger
1
a: no special abilities


You were on level 6 of the Dungeon.
You visited 2 branches of the dungeon, and saw 7 of its levels.

You collected 356 gold pieces.

Inventory:

Hand Weapons
 a - a +4 dagger
 g - a +0 falchion
 n - a +2 dagger of venom (weapon)
 q - a +0 broad axe
 u - a +2 dagger of speed
 v - a +0 war axe
Missiles
 b - a curare-tipped dart (quivered)
 h - 53 stones
 i - 3 poisoned darts
Armour
 e - a +1 pair of gloves
 f - the +1 ring mail "Ashuil" (worn) {Int+3}
   (You found it on level 2 of the Dungeon)

   Int:       It affects your intelligence (+3).
 p - a +2 pair of boots (worn)
 y - a +0 cloak (worn)
Wands
 o - a wand of polymorph (4)
Scrolls
 c - 2 scrolls of blinking
 d - a scroll of enchant armour
 m - a scroll of identify
 t - a scroll of amnesia
Potions
 j - 2 potions of brilliance
 k - a potion of mutation
 l - a potion of heal wounds
 r - a potion of magic
 w - a potion of flight


   Skills:
 - Level 5.0 Fighting
 - Level 4.0 Throwing
 + Level 0.3 Armour
 - Level 4.0 Stealth
 * Level 4.9 Unarmed Combat
 - Level 1.0 Spellcasting
 * Level 3.6 Translocations
 - Level 2.0 Evocations


You had 8 spell levels left.
You knew the following spells:

 Your Spells              Type           Power      Damage    Failure   Level
a - Apportation           Tloc           20%        N/A       12%         1

Your spell library contained the following spells:

 Spells                   Type           Power      Damage    Failure   Level
 Gell's Gravitas          Tloc           10%        N/A       34%         3


Dungeon Overview and Level Annotations

Branches:
Dungeon (6/15)             Temple (1/1) D:4

Altars:
Ashenzari
Cheibriados
Fedhas
Gozag
Kikubaaqudgha
Makhleb
Nemelex Xobeh
Okawaru
Ru
Sif Muna
Trog
Vehumet
Wu Jian
Xom
Yredelemnul


Innate Abilities, Weirdness & Mutations

You have a pair of small antennae on your head.
You have very sharp fingernails.
A weak demonic guardian rushes to your aid.
You regenerate magic rapidly.
You have a small tail.


Message History

You hit the adder.
You kill the adder!
You miss something.
You feel sick. Something hits you but does no damage.
You miss something.
You feel sick.
You are no longer poisoned.
A sky beast appears from thin air!
Reactivating autopickup.
You barely miss the sky beast.
The sky beast is lightly wounded.
The sky beast hits you. The sky beast shocks you.
You hit the sky beast but do no damage.
The sky beast is lightly wounded.
You hit the sky beast.
The sky beast is lightly wounded.
The sky beast misses you.
You hit the sky beast but do no damage.
Your tail-slap misses the sky beast.
The sky beast is lightly wounded.
The sky beast hits you but does no damage.
You hit the sky beast but do no damage.
The sky beast is lightly wounded.
You hit the sky beast but do no damage. You tail-slap the sky beast.
The sky beast is lightly wounded.
The sky beast flickers out of sight!
Deactivating autopickup; reactivate with Ctrl-A.
Something hits you but does no damage.
Your +2 dagger of venom begins to drip with poison!
n - a +2 dagger of venom (weapon)
You hit something. Something hits you. Something shocks you.
* * * LOW HITPOINT WARNING * * *
You hit something.
A sky beast appears from thin air!
Reactivating autopickup.
The sky beast hits you.
* * * LOW HITPOINT WARNING * * *
A demonic guardian appears!
The sky beast shocks you.
* * * LOW HITPOINT WARNING * * *
Unknown command.
The sky beast attacks as you move away! The sky beast hits you.
* * * LOW HITPOINT WARNING * * *
The sky beast shocks you.
You die...

.......... #...#### ...
.........###........ #..
......†......## #..##..
.###..).......# #.<..
.............########5..
...)...............##...
...........#....#..###..
......#Y##.##...##..##.)
..#...#@#...#...........
..#...5.................
.............###.....###
..#.....##..## #....##
.##..........###....#
...#..#......###..##
.####......#..#...###
#.#.....###.......#
..##......## #.#...###


You could see a sky beast (extremely poisoned, ally target) and a friendly
ufetubus (summoned).

Vanquished Creatures
  An ice beast (D:5)
  3 centaurs
  A necrophage (D:4)
  2 scorpions
  2 howler monkeys
  5 hounds
  2 orc priests
  Jessica (D:2)
  4 iguanas
  2 orc wizards
  7 adders
  An ufetubus (D:5)
  A worm (D:2)
  A dart slug (D:5)
  9 orcs
  3 endoplasms
  5 giant cockroaches
  4 goblins
  2 hobgoblins (D:1)
  3 kobolds
  4 quokkas
  8 ball pythons
  5 bats
  2 frilled lizards (D:2)
  6 rats
84 creatures vanquished.

Vanquished Creatures (collateral kills)
  An orc wizard (D:5)
  2 orcs (D:5)
3 creatures vanquished.

Vanquished Creatures (others)
  6 fungi (D:4)
  2 toadstools (D:4)
8 creatures vanquished.

Grand Total: 95 creatures vanquished

Notes
Turn   | Place    | Note
-------+----------+-------------------------------------------
     0 | D:1      | IdlyInterested the Demonspawn Wanderer began the quest for
                  | the Orb.
     0 | D:1      | IdlyInterested set off with the following items: a +3
                  | dagger, a curare-tipped dart, a scroll of blinking, a +0
                  | leather armour; and the following spell memorised:
                  | Apportation; and the following spells available to
                  | memorise: Gell's Gravitas.
     0 | D:1      | Reached XP level 1. HP: 18/18 MP: 2/2
   314 | D:1      | Gained mutation: You regenerate magic rapidly. [demonic
                  | ancestry]
   314 | D:1      | Reached XP level 2. HP: 20/24 MP: 3/3
   552 | D:1      | Found a faded altar of an unknown god.
   589 | D:1      | Reached skill level 1 in Stealth
  1050 | D:2      | Discovered your monstrous ancestry.
  1050 | D:2      | Gained mutation: You have a small tail. [demonic ancestry]
  1050 | D:2      | Reached XP level 3. HP: 30/30 MP: 4/4
  1097 | D:2      | Identified the +1 ring mail "Ashuil" {Int+3}
  1458 | D:2      | Noticed Jessica
  1463 | D:2      | Killed Jessica
  1464 | D:2      | Reached skill level 4 in Fighting
  1464 | D:2      | Gained mutation: You have sharp fingernails. [demonic
                  | ancestry]
  1464 | D:2      | Reached XP level 4. HP: 37/37 MP: 5/5
  2177 | D:3      | Found a broken altar of Ashenzari.
  2189 | D:3      | Found a sacrificial altar of Ru.
  2195 | D:3      | Reached skill level 1 in Unarmed Combat
  2394 | D:4      | Gained mutation: You have very sharp fingernails. [demonic
                  | ancestry]
  2394 | D:4      | Reached XP level 5. HP: 36/43 MP: 6/6
  2476 | D:4      | Gained mutation: You have a pair of small antennae on your
                  | head. [demonic ancestry]
  2476 | D:4      | Reached XP level 6. HP: 26/49 MP: 7/7
  2602 | D:4      | Found a staircase to the Ecumenical Temple.
  2649 | Temple   | Entered the Ecumenical Temple
  3278 | D:5      | Entered Level 5 of the Dungeon
  3473 | D:5      | Noticed an ice beast
  3499 | D:5      | Killed an ice beast
  3500 | D:5      | Reached skill level 5 in Fighting
  3500 | D:5      | Gained mutation: A weak demonic guardian rushes to your
                  | aid. [demonic ancestry]
  3500 | D:5      | Reached XP level 7. HP: 40/56 MP: 8/8
  3889 | D:5      | Found a radiant altar of Vehumet.
  4279 | D:5      | Found a basalt altar of Yredelemnul.
  4609 | D:6      | Reached XP level 8. HP: 46/62 MP: 5/9
  4662 | D:6      | HP: 3/62 [sky beast (3)]
  4662 | D:6      | Slain by a sky beast

Illustrated notes

Levels and vault maps discovered:
D:1:      wander_arrival_estate, layout_basic, ebering_ecumenical_altar_hall
D:2:      layout_loops_ring, uniq_jessica
D:3:      layout_basic, amethyst_overflow_temple_binary
D:4:      layout_basic, minmay_temple_entry_sparse_star,
          minmay_gold_behind_fungi
D:5:      layout_loops_ring, kennysheep_mini, nicolae_vehumet_altar_sigil
D:6:      layout_cave_pools, lemuel_round_altar
Temple:   cyrus_circular_temple

Skill      XL: |  1  2  3  4  5  6  7 |
---------------+----------------------+-----
Stealth        | 1 2 3 4 |  4.0
Throwing       | 3 4 |  4.0
Fighting       | 4 5 |  5.0
Unarmed Combat | 1 2 3 4 |  4.9
Translocations | 3 |  3.6
Armour         | |  0.3
Spellcasting   | |  1.0
Evocations     | |  2.0

Action                   |  1- 3 |  4- 6 |  7- 9 || total
-------------------------+-------+-------+-------++-------
Melee: Dagger            |   104 |   146 |   166 ||   416
       Tailslap          |     1 |    21 |    23 ||    45
       Unarmed           |     1 |       |       ||     1
       Punch             |       |     2 |     1 ||     3
  Use: Scroll            |     7 |     7 |     1 ||    15
       Potion            |       |     7 |     1 ||     8
 Stab: Sleeping          |     1 |     1 |       ||     2
       Distracted        |       |     1 |       ||     1
Armor: Leather armour    |    24 |       |       ||    24
       Ring mail         |     7 |    50 |   107 ||   164
Dodge: Dodged            |    53 |    65 |    98 ||   216

Table legend: (Time is in decaauts)
 A = Elapsed time spent in this place.
 B = Non-inter-level travel time spent in this place.
 C = Inter-level travel time spent in this place.
 D = Time resting spent in this place.
 E = Time spent auto-exploring this place.
 F = Levels seen in this place.
 G = Mean time per level.
                   A        B        C        D        E       F      G
               +--------+--------+--------+--------+--------+-----+--------+
         Total |   4656 |   4229 |    427 |    784 |   2261 |   7 |  665.1 |
       Dungeon |   4595 |   4168 |    427 |    784 |   2219 |   6 |  765.8 |
        Temple |     60 |     60 |      0 |      0 |     42 |   1 |   60.0 |
               +--------+--------+--------+--------+--------+-----+--------+

Top non-repeatable levels by time:
     D:2: 1007 daAuts
     D:5: 962 daAuts
     D:4: 945 daAuts
     D:1: 791 daAuts
     D:3: 584 daAuts
     D:6: 303 daAuts
  Temple: 60 daAuts
